 Dungeon Crawl Stone Soup version 0.19.0-9-gfd783f2 (webtiles) character file.

113 mistymad the Ruffian (level 4, -3/38 HPs)
             Began as a Naga Transmuter on Nov 7, 2016.
             Slain by an orc
             ... wielding a +0 mace
              (10 damage)
             ... on level 3 of the Dungeon.
             The game lasted 00:07:46 (2448 turns).

mistymad the Ruffian (Naga Transmuter)              Turns: 2448, Time: 00:07:47

Health: -3/38      AC:  3    Str: 12    XL:     4   Next: 96%
Magic:  2/8        EV: 10    Int: 15    God:
Gold:   187        SH:  0    Dex: 11    Spells: 3 memorised, 3 levels left

rFire  . . .     SeeInvis +       - Unarmed
rCold  + . .     Gourm    .     b - +0 robe
rNeg   + . .     Faith    .     (no shield)
rPois  +         Spirit   .     (no helmet)
rElec  .         Reflect  .     (no cloak)
rCorr  .         Harm     .     r - +0 pair of gloves
MR     .....                    (no barding)
Stlth  +.........               (no amulet)
                                n - ring of positive energy
                                k - ring of protection from cold

@: very slightly contaminated, very slow
A: see invisible, deformed body, poison resistance, slowness 2, slow metabolism
1, spit poison 1, AC +1
a: Spit Poison


You were on level 3 of the Dungeon.
You were not hungry.

You visited 1 branch of the dungeon, and saw 3 of its levels.

You collected 187 gold pieces.

Inventory:

Missiles
 a - 23 arrows
Armour
 b - a +0 robe (worn)
 r - a +0 pair of gloves (worn)
Jewellery
 k - a ring of protection from cold (left hand)
 n - a ring of positive energy (right hand)
 o - an uncursed ring of positive energy
Wands
 u - a wand of random effects (29/48)
Scrolls
 e - 2 scrolls of identify
 g - a scroll of teleportation
 h - 2 scrolls of remove curse
 i - a scroll of fog {unknown}
 j - a scroll of noise {unknown}
 l - 2 scrolls of immolation {unknown}
 m - a scroll of random uselessness {unknown}
 s - a scroll of blinking {unknown}
 v - a scroll of recharging {unknown}
Potions
 f - 3 potions of agility
 p - a potion of might
 q - a potion of invisibility {unknown}
 t - a potion of curing {unknown}
Books
 c - a book of Changes

   Spells                             Type                      Level
   a - Beastly Appendage              Transmutation                1
   b - Sticks to Snakes               Transmutation                2
   c - Spider Form                    Transmutation/Poison         3
   d - Ice Form                       Ice/Transmutation            4
   e - Blade Hands                    Transmutation                5
Comestibles
 d - 3 bread rations


   Skills:
 - Level 1.0 Fighting
 - Level 1.5 Dodging
 + Level 4.0 Unarmed Combat
 + Level 3.0 Spellcasting
 + Level 3.2 Transmutations


You had 3 spell levels left.
You knew the following spells:

 Your Spells              Type           Power        Failure   Level  Hunger
a - Beastly Appendage     Tmut           ##....       8%          1    #......
b - Sticks to Snakes      Tmut           ##......     12%         2    ##.....
c - Spider Form           Tmut/Pois      #.........   34%         3    ###....


Dungeon Overview and Level Annotations

Branches:
Dungeon (3/15)

Altars:
Fedhas
Gozag
Nemelex Xobeh
Sif Muna

Annotations:
D:3 Grinder


Innate Abilities, Weirdness & Mutations

You cannot wear boots.
Your serpentine skin is tough. (AC +1)
You have supernaturally acute eyesight. (SInv)
Armour fits poorly on your strangely shaped body.
Your system is resistant to poisons. (rPois)
You cover ground very slowly.
You have a slow metabolism.
You can spit poison.


Message History

You can move again.
You take 11 damage, and have 15/38 hp.
MASSIVE DAMAGE!!
Casting: Spider Form
Confirm with . or Enter, or press ? or * to list all spells.
You don't have enough magic to cast that spell.
Unknown command.
You barely miss the orc. The orc hits you with a mace.
* * * LOW HITPOINT WARNING * * *
You take 5 damage, and have 10/38 hp.
You hit the orc.
The orc is moderately wounded.
The orc hits you with a mace.
* * * LOW HITPOINT WARNING * * *
You take 3 damage, and have 7/38 hp.
You hit the orc.
The orc is heavily wounded.
The orc misses you.
Unknown command.
The orc hits you with a mace!
You die...

#.##.#
#.##.######
5...........
####
####........
....
########.
#..# #..#
#..#
#..###..#
#@......#
#o#####.#
#.#####.##.
#.......)..
###.###.##.
#.# #.# #.#
#.#


You could see an orc.

Vanquished Creatures
  4 adders
  3 worms
  2 dart slugs (D:1)
  2 leopard geckos (D:1)
  3 bats
  3 giant cockroaches
  7 goblins
  10 hobgoblins
  3 jackals (D:2)
  9 kobolds
  A ball python (D:1)
  7 frilled lizards
  5 rats
59 creatures vanquished.

Notes
Turn   | Place    | Note
-------+----------+-------------------------------------------
     0 | D:1      | mistymad the Naga Transmuter began the quest for the Orb.
     0 | D:1      | Reached XP level 1. HP: 18/18 MP: 3/3
   108 | D:1      | Reached XP level 2. HP: 19/25 MP: 3/5
   646 | D:1      | Learned a level 2 spell: Sticks to Snakes
   653 | D:1      | Reached XP level 3. HP: 31/31 MP: 4/6
  1361 | D:2      | Reached XP level 4. HP: 31/38 MP: 7/7
  1475 | D:2      | Learned a level 3 spell: Spider Form
  1789 | D:2      | Found a blossoming altar of Fedhas.
  1891 | D:2      | Found a sparkling altar of Nemelex Xobeh.
  1892 | D:2      | Found an opulent altar of Gozag.
  1947 | D:2      | Found a deep blue altar of Sif Muna.
  1947 | D:2      | Found a faded altar of an unknown god.
  1950 | D:2      | Reached skill level 4 in Unarmed Combat
  1954 | D:2      | Found a faded altar of an unknown god.
  1956 | D:2      | Found a faded altar of an unknown god.
  1958 | D:2      | Found a faded altar of an unknown god.
  2425 | D:3      | Noticed Grinder
  2425 | D:3      | Paralysed by Grinder for 3 turns
  2437 | D:3      | Paralysed by Grinder for 5 turns
  2448 | D:3      | Slain by an orc

Skill      XL: |  1  2  3  4 |
---------------+-------------+-----
Transmutations | 3 |  3.2
Unarmed Combat | 4 |  4.0
Spellcasting   | 3 |  3.0
Fighting       | |  1.0
Dodging        | |  1.5

Action                   |  1- 3 |  4- 6 || total
-------------------------+-------+-------++-------
Melee: Unarmed           |    86 |    71 ||   157
       Headbutt          |     7 |       ||     7
       Punch             |     1 |     1 ||     2
 Cast: Beastly Appendage |    16 |     1 ||    17
       Spider Form       |       |     9 ||     9
       Sticks to Snakes  |       |     1 ||     1
 Abil: Spit Poison       |    24 |     2 ||    26
  Use: Scroll            |     4 |     1 ||     5
 Stab: Sleeping          |       |     1 ||     1
  Eat: Chunk             |     2 |     5 ||     7
Armor: Robe              |    27 |     8 ||    35
       Skin              |       |     3 ||     3
Dodge: Dodged            |    70 |    48 ||   118
